 Dungeon Crawl Stone Soup version 0.18.1-48-g4cf74bf (webtiles) character file.

46 Joat the Skirmisher (level 3, 29/30 HPs)
             Began as a Demonspawn Gladiator on July 27, 2016.
             Quit the game on level 2 of the Dungeon.
             The game lasted 00:04:38 (871 turns).

Joat the Skirmisher (Demonspawn Gladiator)           Turns: 871, Time: 00:04:38

Health: 29/30      AC:  8    Str: 16    XL:     3   Next: 44%
Magic:  3/3        EV: 12    Int:  9    God:
Gold:   91         SH:  0    Dex: 13    Spells: 0 memorised, 2 levels left

rFire  . . .     SeeInvis .     a - +0 long sword
rCold  . . .     Gourm    .     b - +0 leather armour
rNeg   . . .     Faith    .     (no shield)
rPois  .         Spirit   +     c - +0 helmet
rElec  .         Dismiss  .     (no cloak)
rCorr  .         Reflect  .     (no gloves)
SustAt .         Harm     .     (no boots)
MR     .....                    (no amulet)
Stlth  +.........               (no ring)
                                g - +4 ring of protection

@: not resistant to hostile enchantments, very unstealthy
A: magic shield, magic regeneration
a: no special abilities


You were on level 2 of the Dungeon.
You were not hungry.

You visited 1 branch of the dungeon, and saw 2 of its levels.

You collected 91 gold pieces.

Inventory:

Hand Weapons
 a - a +0 long sword (weapon)
 p - a +0 club
Missiles
 d - 3 throwing nets (quivered)
Armour
 b - a +0 leather armour (worn)
 c - a +0 helmet (worn)
Jewellery
 g - a +4 ring of protection (left hand)
Scrolls
 e - a scroll of amnesia {unknown}
 i - a scroll of remove curse {unknown}
 j - a scroll of identify {unknown}
 o - a scroll of teleportation {unknown}
Potions
 h - 2 potions of heal wounds {unknown}
 l - a potion of magic {unknown}
 m - a potion of invisibility {unknown}
 n - 2 potions of experience {unknown}
 r - a potion of curing {unknown}
Comestibles
 f - 2 bread rations
 k - 5 chunks of flesh
 q - 5 fruits


   Skills:
 + Level 3.9 Fighting
 - Level 2.6 Long Blades
 - Level 1.7 Throwing
 - Level 2.6 Dodging


You had 2 spell levels left.
You didn't know any spells.

Dungeon Overview and Level Annotations

Branches:
Dungeon (2/15)

Altars:


Innate Abilities, Weirdness & Mutations

When hurt, damage is shared between your health and your magic reserves.
You regenerate magic rapidly.


Message History

Terence closely misses you.
You hit Terence but do no damage.
Terence is severely wounded.
Terence closely misses you.
You slash Terence!
Terence is almost dead.
Terence misses you. Terence hits you but does no damage.
You slash Terence!
You kill Terence!
You have reached level 3!
Your experience leads to an increase in your attributes!
Increase (S)trength, (I)ntelligence, or (D)exterity?
You feel stronger.
Your demonic ancestry asserts itself...
You feel your magic shroud grow more resilient.
r - a black potion
Things that are here:
a falchion; a scale mail; the human corpse of Terence Quiver which item? (- for none, * to show all) (? for menu, Esc to quit)
Okay, then.
Are you sure you want to abandon this character and quit the game? (Confirm with "yes".)

####....###
+..........
####....### ##.#.#
####.### #....... #+#
#.##.### ####.##
#.##.### #..@..#
#....... #.###.....#
####.###
#........###### #.#
#.###......#...#####.#
#...).##.........#
###..###...#######
#.####...# #.......##
#########


There were no monsters in sight!

Vanquished Creatures
  Terence (D:2)
  A worm (D:2)
  A dart slug (D:1)
  A giant cockroach (D:1)
  2 goblins (D:1)
  4 hobgoblins (D:1)
  A kobold (D:1)
  A bat (D:1)
  3 rats (D:1)
15 creatures vanquished.

Notes
Turn   | Place    | Note
--------------------------------------------------------------
     0 | D:1      | Joat the Demonspawn Gladiator began the quest for the Orb.
     0 | D:1      | Reached XP level 1. HP: 16/16 MP: 1/1
   161 | D:1      | Gained mutation: When hurt, damage is shared between your health and your magic reserves. [demonic ancestry]
   161 | D:1      | Reached XP level 2. HP: 17/23 MP: 2/2
   432 | D:1      | Reached skill level 3 in Fighting
   841 | D:2      | Noticed Terence
   862 | D:2      | Killed Terence
   862 | D:2      | Gained mutation: You regenerate magic rapidly. [demonic ancestry]
   862 | D:2      | Reached XP level 3. HP: 28/30 MP: 3/3
   871 | D:2      | Quit the game

Skill      XL: |  1  2 |
---------------+-------+-----
Fighting       | 3 |  3.9
Long Blades    | |  2.6
Throwing       | |  1.7
Dodging        | |  2.6

Action                   || total
-------------------------++-------
Melee: Long sword        ||    62
Armor: Leather armour    ||    22
Dodge: Dodged            ||    44
